[Event "Torneo Nuevo Centro. Jornada 10"]
[Site "Chess.com"]
[Date "2020.08.21"]
[Round "4"]
[White "Chernikov, Vladimir"]
[Black "Serarols Mabras, Bernat"]
[Result "0-1"]
[WhiteElo "2210"]
[BlackElo "2375"]
[TimeControl "180+2"]
[EndTime "11:11:32 PDT"]
[Termination "Victoria de bernatserarols por jaque mate"]

1. c4 e6 2. Nf3 d5 3. e3 Nf6 4. b3 Bd6 5. Bb2 c6 6. d4 O-O 7. Bd3 Nbd7 8. Nbd2 Qe7 9. O-O b6 10.
Ne5 Bb7 11. Rc1 c5 12. f4 Rac8 13. Ndf3 Rfd8 14. Ng5 cxd4 15. Nexf7 h6 16. Nxd8 Rxd8 17. Nf3 dxe3 18. Ne5 dxc4 19. Bxc4 Bc5 20. Qe2 Nxe5 21. Bxe5 Ne4 22. f5 Rd2 23. Qg4 e2+ 24. Kh1 exf1=Q+ 25. Rxf1 Nf2+ 26. Rxf2 Rxf2 27. f6 Rxg2 28. Bxe6+ Qxe6 29. Qxe6+ Kh7 30. Qd7 Rg1# 0

[Event "Torneo Nuevo Centro. Jornada 10"]
[Site "Chess.com"]
[Date "2020.08.21"]
[Round "4"]
[White "Alvarez Usina, Jordi"]
[Black "Camison Zornoza, Cesar"]
[Result "0-1"]
[WhiteElo "1307"]
[BlackElo "1792"]
[TimeControl "180+2"]
[EndTime "11:11:44 PDT"]
[Termination "Victoria de cczchess por tiempo"]

1. d4 Nf6 2. Bf4 c5 3. e3 cxd4 4. exd4 g6 5. Nf3 Bg7 6. c3 O-O 7. Bd3 d6 8. Nbd2 Bg4 9. Qc2 Nc6 10. O-O Rc8 11. h3 Nb4 12. Qb1 Nxd3 13. Qxd3 Bf5 14.
Qb5 a6 15. Qxb7 Rb8 16. Qxa6 Rxb2 17. Qa3 Qb8 18. Nc4 Rb7 19. Qc1 Nd5 20. Bh2 Qc8 21. Ne3 Nxc3 22. Qd2 Ne4 23. Qe2 Ra7 24. Nxf5 gxf5 25.
Rfc1 Qa8 26. Rc2 Ra4 27. Rd1 Qd5 28. Kh1 Rfa8 29. Ra1 Bxd4 30. Rac1 Rxa2 31. Rc8+ Rxc8 32. Rxc8+ Kg7 0

[Event "Torneo Nuevo Centro. Jornada 10"]
[Site "Chess.com"]
[Date "2020.08.21"]
[Round "4"]
[White "Méndez Giménez , Néstor Emmanuel"]
[Black "Rodriguez Rodriguez, Joan David "]
[Result "0-1"]
[WhiteElo "1237"]
[BlackElo "1723"]
[TimeControl "180+2"]
[EndTime "11:11:48 PDT"]
[Termination "Victoria de Not_Jr_chess por jaque mate"]

1. e4 e5 2. Nf3 Nc6 3. Bc4 Bc5 4. c3 Nf6 5. d4 exd4 6. cxd4 Bb4+ 7. Nc3 Nxe4 8. Qe2 Qe7 9. Bd2 Nxd2 10. Qxe7+ Nxe7 11. Nxd2 c6 12. O-O d5 13. Be2 O-O 14. a3 Ba5 15. b4 Bc7 16. a4 Nf5 17. Nf3 Bd6 18. Rab1 Ne7 19. Rfe1 Bf5 20. Ng5 Bxb1 21. Rxb1 h6 22.
Nh3 Nf5 23. b5 Nxd4 24. bxc6 Nxe2+ 25. Nxe2 bxc6 26. Rb7 Rfe8 27. Rb2 a5 28. g3 Bb4 29.
Kg2 c5 30. Nef4 Rad8 31. Ng1 c4 32. Nf3 c3 33. Rc2 d4 34. Kf1 d3 35. Rc1 d2 36. Ra1 d1=Q+ 37. Rxd1 Rxd1+ 38. Kg2 c2 39. h4 c1=Q 40. Nh3 Ree1 41. Nxe1 Rxe1 42. h5 Qd1 43. g4 Qxg4+ 44. Kh2 Bd6+ 45. Nf4 Bxf4# 0

[Event "Torneo Nuevo Centro. Jornada 10"]
[Site "Chess.com"]
[Date "2020.08.21"]
[Round "4"]
[White "Echeverria, Graciela"]
[Black "Sanchis Bon, Sergi"]
[Result "1-0"]
[WhiteElo "1468"]
[BlackElo "997"]
[TimeControl "180+2"]
[EndTime "11:11:55 PDT"]
[Termination "Victoria de graciielaaa por tiempo"]

1. e4 e5 2. Nc3 Nf6 3. Nf3 Nc6 4. d4 exd4 5. Nxd4 Nxd4 6. Qxd4 c5 7. Qd1 b6 8. Bg5 h6 9. Bxf6 gxf6 10. Bd3 Bb7 11.
O-O Rb8 12. Nd5 Rc8 13. Qf3 Bg7 14. Rfe1 O-O 15. e5 fxe5 16. Bc4 Rb8 17. Qg4 Bxd5 18. Bxd5 Qg5 19. Qxd7 Rbd8 20. Qc6 Rc8 21. Qb7 Rb8 22. Qxa7 Rbd8 23. Bb3 Rd2 24. Qxb6 Qh4 25. Rf1 Rd4 26. Qxc5 Rg4 27. g3 Qh3 28. Rae1 Rg5 29. Qc4 Rh5 30. Qh4 Rxh4 31. gxh4 e4 32. Rxe4 Qf3 33. Re3 Qg4+ 34. Rg3 Qxh4 35. Re1 Kh8 36. a4 Rc8 37. c3 Rd8 38. Bc2 1

[Event "Torneo Nuevo Centro. Jornada 10"]
[Site "Chess.com"]
[Date "2020.08.21"]
[Round "4"]
[White "Blanco Solaz, Ramón"]
[Black "De Nacimiento Montano, Antonio"]
[Result "1-0"]
[WhiteElo "2010"]
[BlackElo "1848"]
[TimeControl "180+2"]
[EndTime "11:12:09 PDT"]
[Termination "Victoria de Rbs77 por abandono"]

1. g3 c5 2. c4 Nc6 3. Bg2 g6 4. Nc3 Bg7 5. e4 e5 6. Nge2 d6 7. O-O Nge7 8. f4 O-O 9. h3 f5 10. d3 Nd4 11. Kh2 Nec6 12. Nd5 Nxe2 13. Qxe2 Nd4 14.
Qd1 Be6 15. exf5 Nxf5 16. Nc3 Rb8 17. Qe1 Nd4 18. Rf2 a6 19. Be3 b5 20. b3 Nf5 21.
Bd2 exf4 22. Rxf4 b4 23. Nd5 Bxa1 24. Qxa1 Nd4 25. Qf1 Rxf4 26. Nxf4 Bd7 27. Bd5+ Kh8 28.
Be3 Qf6 29. Qg2 Rf8 30. Be4 Bf5 31. Bb7 Re8 32. Nd5 Qe5 33. Bf4 Qe2 34. Qxe2 Rxe2+ 35. Kh1 Rxa2 36. Bxd6 Kg7 37. Bxc5 Nxb3 38. Bxb4 Bxd3 39.
c5 Bb5 40. c6 Rc2 41. Nc3 Bxc6+ 42. Bxc6 a5 43. Bd6 Rxc3 44. Be5+ Kh6 45. Bxc3 a4 46.
Bxa4 Nc1 47. Bd2+ 1

[Event "Torneo Nuevo Centro. Jornada 10"]
[Site "Chess.com"]
[Date "2020.08.21"]
[Round "4"]
[White "Hassomal Daswani, Birjkumar"]
[Black "Mellado Sais, Carles"]
[Result "0-1"]
[WhiteElo "1805"]
[BlackElo "1412"]
[TimeControl "180+2"]
[EndTime "11:12:19 PDT"]
[Termination "Victoria de Magnus_carles por abandono"]

1. e4 c5 2. Nf3 d6 3. d4 cxd4 4. Nxd4 Nf6 5. Nc3 a6 6. f3 e5 7. Nb3 Be7 8. Be3 O-O 9. Qd2 Nc6 10. O-O-O Be6 11. Kb1 Bxb3 12. cxb3 Rc8 13. g4 Qc7 14. h4 Nd7 15. Nd5 Qd8 16. Bg5 f6 17. Be3 Nc5 18.
g5 fxg5 19. hxg5 Rxf3 20. Bh3 Nxe4 21. Be6+ Kh8 22. Rxh7+ Kxh7 23. Rh1+ Kg6 24. Qd3 Nd4 25. Qxe4+ Nf5 26. Qxf3 Qf8 27. Bxc8 Qxc8 28. Qxf5+ Qxf5+ 29. Ka1 Qf3 30. Nxe7+ Kf7 31. g6+ Kxe7 32. Bg5+ Ke6 33. Rc1 Qg4 34. Bd2 Qe2 35. Bg5 Kf5 36. Be7 Qd2 37. Rg1 e4 38. a3 e3 39. Bg5 Qd3 40. Rg3 Qe4 41. Rxe3 Qh1+ 42. Ka2 Kxg5 43. Rd3 Kxg6 44.
Rxd6+ Kf7 45. Rd3 g5 0

[Event "Torneo Nuevo Centro. Jornada 10"]
[Site "Chess.com"]
[Date "2020.08.21"]
[Round "4"]
[White "Kovacevic, Slobodan"]
[Black "Montesinos Diaz, Luis"]
[Result "1-0"]
[WhiteElo "2310"]
[BlackElo "1871"]
[TimeControl "180+2"]
[EndTime "11:12:42 PDT"]
[Termination "Victoria de nikko110 por abandono"]

1. d4 d5 2. Bf4 Nf6 3. Nd2 Bf5 4. e3 e6 5. c3 c5 6. Qb3 Qd7 7. Bb5 Nc6 8. Ngf3 a6 9. Ne5 Qc8 10. Bxc6+ bxc6 11. Qa4 Bd6 12. Qxc6+ Qxc6 13. Nxc6 Bxf4 14. exf4 Rc8 15. Ne5 cxd4 16. cxd4 Rc2 17. b3 O-O 18. Nef3 Rfc8 19. O-O Ne4 20. Nxe4 Bxe4 21. Ne5 f6 22. Nd7 R8c7 23. Nc5 e5 24. fxe5 fxe5 25. Nxa6 Rf7 26. Nb4 Rb2 27. dxe5 d4 28. f3 Ba8 29. Rf2 Rxf2 30.
Kxf2 Rf5 31. Rc1 Kf7 32. Rc5 Ke6 33. Nd3 g5 34. h3 h5 35. Kg3 g4 36. hxg4 hxg4 37.
Kxg4 Rf8 38. Nf4+ Kd7 39. Rc4 Rg8+ 40. Kh4 Ke7 41. Rxd4 Re8 42. b4 Kf7 43. e6+ Kf6 44. Kg3 Kf5 45. Kf2 Kg5 46. Ke3 Bb7 47. a4 Kf5 48.
g4+ Kf6 49. b5 Ra8 50. Rb4 Bc8 51. b6 Bb7 52. Nd3 Rc8 53. a5 Kxe6 54. Ra4 Ba6 55. Nb4 Rc3+ 56. Kd2 Rxf3 57. Nxa6 1

[Event "Torneo Nuevo Centro. Jornada 10"]
[Site "Chess.com"]
[Date "2020.08.21"]
[Round "4"]
[White "Sampedro Roig, Josep Francesc"]
[Black "Buenafe Moya, Javier"]
[Result "1/2-1/2"]
[WhiteElo "1824"]
[BlackElo "1941"]
[TimeControl "180+2"]
[EndTime "11:12:44 PDT"]
[Termination "Partida en tablas por material insuficiente"]

1. e4 e5 2. Nf3 Nc6 3. Bb5 Nf6 4.
O-O Nxe4 5. d4 Nd6 6. Bxc6 dxc6 7.
dxe5 Nf5 8. Qxd8+ Kxd8 9. Rd1+ Ke8 10. b3 Bd7 11. Bb2 b6 12. Nbd2 c5 13. Ne4 h6 14.
Ng3 Nxg3 15. hxg3 Bc6 16. Rd2 Rd8 17. Rad1 Rxd2 18. Rxd2 h5 19. Nh4 Rh6 20. Nf5 Re6 21. f4 g6 22. Ne3 Bh6 23. Nd5 Bxd5 24. Rxd5 h4 25. Kf2 hxg3+ 26. Kxg3 Ke7 27. Kf3 Bg7 28. g4 c4 29. Ba3+ Ke8 30. Bb2 cxb3 31. cxb3 Rc6 32. Rd2 a5 33. f5 gxf5 34. gxf5 Bh6 35. Rh2 Bc1 36. Bxc1 Rxc1 37. Kf4 Rg1 38. Ke4 Re1+ 39. Kd5 Rd1+ 40. Kc6 Rc1+ 41. Kb7 Rc5 42. Re2 Ke7 43.
e6 fxe6 44. Rxe6+ Kd7 45. Rh6 Rxf5 46. Rh7+ Kd6 47. Rxc7 b5 48. Kb6 a4 49. Rc6+ Kd7 50.
Rc5 Rf2 51. bxa4 bxa4 52. Ra5 Rxa2 53. Kb5 a3 54. Kb4 Ra1 55. Rxa3 Rxa3 56. Kxa3 1/2-1

[Event "Torneo Nuevo Centro. Jornada 10"]
[Site "Chess.com"]
[Date "2020.08.21"]
[Round "4"]
[White "Martínez Escandell, Alfonso"]
[Black "Bendayán Claros, Aaron"]
[Result "1-0"]
[WhiteElo "1862"]
[BlackElo "1981"]
[TimeControl "180+2"]
[EndTime "11:12:51 PDT"]
[Termination "Victoria de Alfonso10 por tiempo"]

1. e4 c6 2. d4 d5 3. Nc3 dxe4 4. Nxe4 Nf6 5. Nxf6+ exf6 6. Nf3 Bd6 7. Bd3 O-O 8. O-O Re8 9. c3 Bg4 10. h3 Be6 11. Re1 Nd7 12. Be3 Nf8 13. Nd2 Ng6 14. Ne4 Bc7 15. Qh5 b6 16. Ng3 Bxg3 17. fxg3 Qd7 18. a4 Re7 19. a5 Rae8 20. Bf2 b5 21. b4 a6 22. Re3 Bd5 23. Rxe7 Rxe7 24. Bf5 Qe8 25. Rc1 Nf8 26. Bb1 g6 27. Qh6 Re2 28.
Bd3 Re6 29. Qf4 Nd7 30. g4 Be4 31. Bxe4 Rxe4 32. Qc7 Qe6 33. Qc8+ Kg7 34. Qxa6 Re2 35. Qb7 f5 36. gxf5 Qxf5 37. Rf1 Qe6 38. a6 Qe8 39.
Qxc6 Nf6 40. d5 Ne4 41. Bd4+ Kh6 42. Qxe8 1

[Event "Torneo Nuevo Centro. Jornada 10"]
[Site "Chess.com"]
[Date "2020.08.21"]
[Round "4"]
[White "Salvador Buiza, Victor"]
[Black "Garcia, Jhoel"]
[Result "0-1"]
[WhiteElo "1882"]
[BlackElo "2408"]
[TimeControl "180+2"]
[EndTime "11:12:55 PDT"]
[Termination "Victoria de shoels por jaque mate"]

1. e4 c5 2. Nf3 e6 3. c3 d5 4. exd5 exd5 5. d4 Nc6 6. Bb5 a6 7. Bxc6+ bxc6 8. O-O Be7 9. Bf4 Nf6 10. Ne5 Bd7 11. Be3 cxd4 12. Bxd4 O-O 13. Re1 Be8 14. Nd2 c5 15. Be3 d4 16. cxd4 cxd4 17. Bf4 Nd5 18. Bg3 f5 19. f4 Kh8 20. Ndc4 Bc5 21. Bf2 Nxf4 22. Nf3 Qd5 23. Rc1 d3 24. Ne3 Qd6 25.
Nc4 Bxf2+ 26. Kxf2 Qd4+ 27. Kf1 Bb5 28. b3 Ne2 29.
Rb1 Nc3 30. Qd2 Ne4 31. Qe3 Qxe3 32. Rxe3 Rab8 33. Ncd2 Bc6 34. Rxd3 Bb5 35. Nc4 Bxc4 36. bxc4 Rxb1+ 37. Ke2 Rb2+ 38. Kf1 Rfb8 39. Ne5 g6 40. Nc6 Rc8 41. Ne7 Rxc4 42. Rd8+ Kg7 43. h3 Rc1+ 44. Rd1 Rxd1# 0

[Event "Torneo Nuevo Centro. Jornada 10"]
[Site "Chess.com"]
[Date "2020.08.21"]
[Round "4"]
[White "Pardo Ruiz, Carlos"]
[Black "Ortiz Benavent, Alba"]
[Result "1-0"]
[WhiteElo "1688"]
[BlackElo "1208"]
[TimeControl "180+2"]
[EndTime "11:13:02 PDT"]
[Termination "Victoria de Carlitoscarlsen por abandono"]

1. e4 e5 2. Nf3 Nc6 3. Bc4 Bc5 4. c3 Nf6 5. d4 exd4 6. cxd4 Bb4+ 7. Bd2 Bxd2+ 8.
Nbxd2 O-O 9. O-O d6 10. h3 Re8 11. Re1 Re7 12. e5 dxe5 13. dxe5 Nd5 14. Nb3 Nb6 15.
Qxd8+ Nxd8 16. Bf1 Ne6 17. Rad1 Rd7 18. Rxd7 Bxd7 19. Rd1 Bc6 20. Nh2 Rd8 21. Rxd8+ Nxd8 22. Nd4 Bd5 23. b3 Ne6 24. Nxe6 Bxe6 25. f4 Kf8 26. g4 h6 27. f5 Bd7 28. Nf3 Bc6 29. Nd4 Bd5 30. Kf2 Ke7 31. Ke3 Nd7 32. Kf4 Nb6 33.
Nb5 Kd7 34. Nxa7 Bc6 35. Nxc6 Kxc6 36. a3 Nd5+ 37. Kg3 Ne3 38. Bd3 Kd5 39. Kf4 Ng2+ 40. Kf3 Ne1+ 41. Ke2 Nxd3 42. Kxd3 Kxe5 43. Ke3 f6 44. a4 b6 45. b4 c6 46. a5 Kd6 47.
axb6 Kd7 48. Kd4 Kc8 49. Kc5 Kb7 50. b5 cxb5 51. Kxb5 Kc8 52. Kc6 Kb8 53. b7 Ka7 54. Kc7 g6 55. b8=Q+ 1

[Event "Torneo Nuevo Centro. Jornada 10"]
[Site "Chess.com"]
[Date "2020.08.21"]
[Round "4"]
[White "Nadal Fajardo, Ricard"]
[Black "Fenollar Jorda, Manolo"]
[Result "0-1"]
[WhiteElo "2223"]
[BlackElo "2481"]
[TimeControl "180+2"]
[EndTime "11:13:04 PDT"]
[Termination "Victoria de Cucudrulu por abandono"]

1. Nf3 d5 2. b3 Nf6 3. Bb2 e6 4. e3 Be7 5. Be2 O-O 6. O-O c5 7. c4 Nc6 8. cxd5 exd5 9. d4 b6 10. Nc3 Bf5 11. Rc1 Rc8 12. Ba6 Rb8 13. h3 Qd6 14.
Bd3 Ne4 15. dxc5 bxc5 16. Qe2 Rfd8 17. Rfd1 Qg6 18. Kh1 Nxf2+ 19. Qxf2 Bxd3 20. Na4 c4 21. Ba1 Rbc8 22. Rd2 Bb4 23. Rdd1 Ba3 24. Rc3 Be7 25. Rcc1 Nb4 26. Ne5 Qh5 27. Qg3 Bg6 28. Bd4 Bf6 29. Nf3 Bxd4 30. Nxd4 Nd3 31. Rc3 Qxd1+ 32. Kh2 Qe1 33.
Qg4 h5 34. Qg5 Nf2 35. Qf4 Qh1+ 36. Kg3 Ne4+ 37. Kh4 Nxc3 38. Nxc3 Qe1+ 39. Kg5 Qxc3 40. Kh4 Qd3 41. Kg3 Qe4 42. Qf2 Re8 43. Nc2 cxb3 44. axb3 Rxc2 45. Qe1 Qxe3+ 46. Qxe3 Rxe3+ 0

[Event "Torneo Nuevo Centro. Jornada 10"]
[Site "Chess.com"]
[Date "2020.08.21"]
[Round "4"]
[White "Serrano Requena, Guillem"]
[Black "Bercaru, Vlad Ionut"]
[Result "0-1"]
[WhiteElo "1268"]
[BlackElo "1758"]
[TimeControl "180+2"]
[EndTime "11:13:07 PDT"]
[Termination "Victoria de Rata29 por abandono"]

1. d4 Nf6 2. Bg5 g6 3. Bxf6 exf6 4. c4 Bg7 5. g3 O-O 6. Bg2 f5 7. Nc3 d6 8. e3 c6 9. Nge2 Nd7 10. O-O Nf6 11. b4 Be6 12. Qb3 Rc8 13. Nf4 Kh8 14.
Rfc1 Re8 15. a4 d5 16. c5 Ne4 17.
b5 Rb8 18. a5 Bd7 19. Qa4 cxb5 20. Nxb5 a6 21. Qb3 Bxb5 22. Qxd5 Qxd5 23. Nxd5 Bc6 24. Nb4 Rbd8 25. Nxc6 bxc6 26. Rab1 Rb8 27. Rb6 Rec8 28. Rxa6 Ra8 29. Rxa8 Rxa8 30. Ra1 Bf8 31. g4 Bg7 32. gxf5 gxf5 33. f3 Nxc5 34. Rc1 Nd3 35. Rxc6 Bf8 36. Rc3 Nb4 37. f4 Rxa5 38. Rb3 Kg7 39. Rxb4 Bxb4 40. Kf2 Ra1 41. Kf3 Rd1 42. Kg3 Bd2 43. Kf3 Bc1 44.
Bf1 Rxf1+ 45. Ke2 Rh1 46. Kd3 Ba3 0

[Event "Torneo Nuevo Centro. Jornada 10"]
[Site "Chess.com"]
[Date "2020.08.21"]
[Round "4"]
[White "Zamora Soler, Raul"]
[Black "Tormos Beltran, Maite"]
[Result "1-0"]
[WhiteElo "1841"]
[BlackElo "1439"]
[TimeControl "180+2"]
[EndTime "11:13:15 PDT"]
[Termination "Victoria de rzamora80 por abandono"]

1. e4 d5 2. exd5 Qxd5 3. Nc3 Qd6 4. Nf3 Nf6 5. Be2 c6 6. d3 e5 7. Ne4 Nxe4 8. dxe4 Qxd1+ 9. Bxd1 Bb4+ 10. c3 Bd6 11. O-O O-O 12. Be3 Re8 13. Bb3 Be6 14.
Bxe6 Rxe6 15. Rad1 Bc7 16. Rd2 Re7 17. Rfd1 Na6 18. Bxa7 b6 19. Rd7 Kf8 20. Rxe7 Kxe7 21.
Bxb6 Bxb6 22. Nxe5 Rc8 23. Kf1 Ke6 24. Nc4 Ba7 25. b4 Nxb4 26. cxb4 f5 27. Rd6+ Ke7 28. exf5 Bb8 29. Re6+ Kf7 30. h3 g6 31. g4 gxf5 32. gxf5 c5 33. b5 Bf4 34. Ke2 Ra8 35. Ra6 Rb8 36. a4 Re8+ 37. Kf3 Bh2 38. Kg2 Bf4 39. Nd6+ Bxd6 40. Rxd6 Re5 41. f6 Re4 42. a5 c4 43.
Rc6 Re5 44. Rxc4 Rxb5 45. Ra4 Kxf6 46. a6 Rb8 47. Rh4 Kg6 48. a7 Ra8 49. Ra4 Kf6 50.
Kg3 Kg6 51. Ra6+ Kg7 52. Kg4 Kf7 53. f4 Ke7 54. f5 Kf7 55. Kg5 Rg8+ 56. Kh6 Ra8 57.
h4 Kg8 58. h5 Kf7 59. Kxh7 Kf8 60. h6 Kf7 61. Rg6 Ke7 62. Rg8 Rxa7 63. Rg7+ Kf6 64.
Rxa7 Kxf5 65. Kg7 1

[Event "Torneo Nuevo Centro. Jornada 10"]
[Site "Chess.com"]
[Date "2020.08.21"]
[Round "4"]
[White "Donate Moreno, Silvia"]
[Black "Aguado, Pablo Luis"]
[Result "0-1"]
[WhiteElo "1801"]
[BlackElo "1949"]
[TimeControl "180+2"]
[EndTime "11:13:16 PDT"]
[Termination "Victoria de PLAD_2006 por abandono"]

1. e4 c5 2. Nf3 d6 3. d4 cxd4 4. Nxd4 Nf6 5. Nc3 g6 6. Be3 Bg7 7. f3 O-O 8. Qd2 Nc6 9. O-O-O d5 10. Nxc6 bxc6 11. Bd3 Be6 12. exd5 cxd5 13. Bd4 Qc7 14.
Kb1 Rab8 15. g4 Rb4 16. Be2 Rfb8 17. b3 Ne4 18. fxe4 Bxd4 19. Nxd5 Bxd5 20. exd5 Bg7 21.
c3 Bxc3 22. Rc1 Bxd2 23. Rxc7 Re4 24. Bd3 Rxg4 25. Rxe7 a5 26. d6 Rd4 27. d7 Kf8 28. Re8+ Rxe8 29. dxe8=Q+ Kxe8 30. Kc2 Bb4 31. Rf1 f5 32.
Rf2 Ke7 33. Bc4 Kf6 34. Kb2 g5 35. a3 Bd6 36. Kc3 Be5 37. Kc2 f4 38. Bd3 h5 39.
Be2 g4 40. h3 Kg5 41. hxg4 hxg4 42. Rg2 g3 43. Bf3 Rd6 44. Rg1 Rh6 45. Kd3 Rh2 46.
Ke4 Bd6 47. b4 axb4 48. axb4 Bxb4 49. Rb1 Bd6 50. Rb5+ Kf6 51. Rb6 Ke7 52. Rb7+ Kd8 53. Rg7 Ra2 54. Rg8+ Ke7 55. Rg7+ Kf6 56. Rg8 Ra4+ 57.
Kd3 Ra3+ 58. Ke2 Re3+ 0

[Event "Torneo Nuevo Centro. Jornada 10"]
[Site "Chess.com"]
[Date "2020.08.21"]
[Round "4"]
[White "Cebolla Ruiz, David"]
[Black "Hernández Tomás, Efrén"]
[Result "1/2-1/2"]
[WhiteElo "1548"]
[BlackElo "1107"]
[TimeControl "180+2"]
[EndTime "11:13:32 PDT"]
[Termination "Partida en tablas por material insuficiente"]

1. e4 e5 2. Nf3 Nf6 3. Nxe5 Qe7 4. d4 d6 5. Nf3 Nxe4 6. Qe2 Bg4 7. Nbd2 Nxd2 8.
Qxe7+ Bxe7 9. Nxd2 Nc6 10. Bb5 Bd7 11. O-O a6 12. Bxc6 Bxc6 13. Re1 Rd8 14. Nb3 Rd7 15. Bg5 f6 16. Bf4 O-O 17. Re6 Bd5 18. Re3 f5 19. Rae1 Bf6 20. c3 Bxb3 21. axb3 b6 22. Kf1 Kf7 23.
R1e2 Kg8 24. Ke1 Kf7 25. Kd2 c5 26. Re6 Be7 27. h3 cxd4 28. cxd4 Re8 29. Kd3 g6 30. d5 b5 31. Kc3 a5 32. b4 a4 33. Kd3 Red8 34. Rc2 Rb8 35. Rc6 Rbd8 36. Rb6 Ra8 37. Rxb5 Ra6 38. Ra5 Rxa5 39. bxa5 Ra7 40. Bxd6 Bxd6 41.
Rxd6 Rxa5 42. Rd7+ Kf6 43. d6 Rd5+ 44. Kc3 Rc5+ 45.
Kd3 Rd5+ 46. Kc3 Rc5+ 47. Kd2 Rd5+ 48. Kc1 Rc5+ 49. Kb1 Rd5 50. Rxh7 Rxd6 51. Rh8 Rd1+ 52. Ka2 Rd2 53. Ra8 Rxf2 54. g4 fxg4 55. hxg4 Rf4 56. Ka3 Rxg4 57. Rxa4 Rg3+ 58. Kb4 Rg4+ 59. Ka5 Rxa4+ 60.
Kxa4 g5 61. b4 g4 62. b5 g3 63. b6 g2 64. b7 g1=Q 65. b8=Q Qd4+ 66. Qb4 Qxb4+ 67.
Kxb4 1/2-1

[Event "Torneo Nuevo Centro. Jornada 10"]
[Site "Chess.com"]
[Date "2020.08.21"]
[Round "4"]
[White "Ainsa Jimenez, Lucas"]
[Black "Chofre Murcia, Adrián"]
[Result "0-1"]
[WhiteElo "1148"]
[BlackElo "1670"]
[TimeControl "180+2"]
[EndTime "11:13:40 PDT"]
[Termination "Victoria de Kelorian por tiempo"]

1. e4 e5 2. Nf3 Nc6 3. Bc4 Bc5 4.
d3 d6 5. Nc3 Nf6 6. Ng5 O-O 7.
O-O h6 8. Nf3 Bg4 9. h3 Bh5 10.
Be3 Bb6 11. Re1 Bxe3 12. fxe3 Re8 13. Rf1 a6 14. Qd2 Na5 15. Bb3 Nxb3 16. axb3 c6 17.
d4 Bxf3 18. Rxf3 Qb6 19. dxe5 dxe5 20. Qf2 Re6 21. Rd1 Rae8 22. Qg3 Nh5 23. Qh4 Nf6 24. Na4 Qb5 25. c4 Qxb3 26. Nc5 Qxd1+ 27. Rf1 Qd6 28.
Nxe6 Qxe6 29. b3 b5 30. cxb5 axb5 31. b4 Qe7 32. Qg3 Nxe4 33. Qe1 Qd6 34. Qb1 Nd2 35. Qd1 Qd3 36. Rf2 Rd8 37. Qe1 Ne4 38. Rb2 Qd1 39.
Qxd1 Rxd1+ 40. Kh2 Rd3 41. Re2 Nc3 42. Rc2 Rxe3 43.
h4 f6 44. g3 Kf7 45. Kh3 Ke6 46. Kg4 f5+ 47. Kh5 Rxg3 48. Rd2 Ne4 49. Rd6+ Kf7 50. Rd7+ Kg8 51. Rxg7+ Rxg7 0

[Event "Torneo Nuevo Centro. Jornada 10"]
[Site "Chess.com"]
[Date "2020.08.21"]
[Round "4"]
[White "Leal Uribe, Jhonny Alberto"]
[Black "Gil López, Alejandro"]
[Result "1-0"]
[WhiteElo "2456"]
[BlackElo "2212"]
[TimeControl "180+2"]
[EndTime "11:13:48 PDT"]
[Termination "Victoria de jhonnyuribe por abandono"]

1. d4 e5 2. dxe5 d6 3. exd6 Bxd6 4. Nf3 Nc6 5. e3 Bg4 6. Be2 Qe7 7. c3 O-O-O 8. Qa4 h5 9. h3 Bf5 10. Nbd2 Nf6 11.
Nd4 Nxd4 12. cxd4 Kb8 13. Nc4 Ne4 14. Nxd6 Rxd6 15. Bd2 Nxd2 16. Kxd2 c5 17. Rad1 cxd4 18. exd4 Rhd8 19. Ke1 Re6 20. Rd2 Re8 21. Qc4 Rc8 22.
Qb5 Rc1+ 23. Rd1 Rxd1+ 24. Kxd1 Be4 25. Rg1 Bc6 26. Qxh5 Qf6 27. Qg4 Re4 28. Qg3+ Ka8 29. Bd3 Rxd4 30. Re1 Bb5 31. Re3 a6 32. Ke2 Bxd3+ 33.
Rxd3 Re4+ 34. Kf1 Qxb2 35. Rd8+ Ka7 36. Qb8+ Kb6 37. Qd6+ Ka5 38. Qd5+ Qb5+ 39. Qxb5+ Kxb5 40. Rd7 Kc6 41. Rxf7 g5 42. Rg7 Re5 43. g4 Ra5 44.
Kg2 Re5 45. f4 gxf4 46. h4 Re2+ 47. Kf3 Rxa2 48. h5 a5 49. g5 Rh2 50. h6 a4 51.
h7 a3 52. Rg6+ Kc5 53. Rh6 1

[Event "Torneo Nuevo Centro. Jornada 10"]
[Site "Chess.com"]
[Date "2020.08.21"]
[Round "4"]
[White "Bosch Jordà, Ricard"]
[Black "Gracia Calvo, Andrés"]
[Result "1-0"]
[WhiteElo "1941"]
[BlackElo "1806"]
[TimeControl "180+2"]
[EndTime "11:13:53 PDT"]
[Termination "Victoria de UltimateLimo por abandono"]

1. e4 Na6 2. d4 Nb8 3. Nc3 d5 4. Bd3 dxe4 5. Nxe4 Nf6 6. Nxf6+ exf6 7. c3 Bd6 8. Ne2 O-O 9. O-O Bg4 10. Qc2 h6 11. Nf4 Nd7 12. h3 Be6 13. d5 Bxh3 14. gxh3 Ne5 15.
Be4 Qd7 16. Kg2 Rfe8 17. Bd2 Nc4 18. Bf5 Qb5 19. Bd3 Qxb2 20. Qxb2 Nxb2 21. Bb5 Re7 22. Rab1 a6 23. Rxb2 axb5 24. Rxb5 b6 25. Ra1 Be5 26. Nd3 Bd4 27. cxd4 Re2 28. Be3 f5 29. Rb2 Rxb2 30. Nxb2 g5 31. d6 cxd6 32. Nc4 f4 33.
Bd2 Ra4 34. Nxb6 Rxd4 35. Bc3 Rd3 36. Bf6 Kh7 37. a4 Kg6 38. Nd7 Rb3 39. a5 Rb7 40. a6 Ra7 41. Bd4 Rxd7 42. a7 Rxa7 43. Rxa7 f6 44. Kf3 Kf5 45. Rf7 Ke6 46. Rxf6+ Kd5 47.
Rxh6 Kxd4 48. Rxd6+ Ke5 49. Rg6 Kf5 50. Rg8 Kf6 51. h4 gxh4 52. Kxf4 h3 53. Rh8 h2 54. Rh3 Kg6 55. Rxh2 Kf6 56. Rh6+ Kg7 57. Kg5 Kf7 58. Ra6 Ke7 59. Kf5 Kd7 60. Ke5 Kc7 61. Kd5 1

[Event "Torneo Nuevo Centro. Jornada 10"]
[Site "Chess.com"]
[Date "2020.08.21"]
[Round "4"]
[White "Cantero Navarro, Antonio"]
[Black "Granero Roca, Antonio"]
[Result "1-0"]
[WhiteElo "1953"]
[BlackElo "2489"]
[TimeControl "180+2"]
[EndTime "11:14:08 PDT"]
[Termination "Victoria de aprendis65 por jaque mate"]

1. e4 c6 2. c4 d6 3. Nc3 Nf6 4. d3 g6 5. g3 Bg7 6. Bg2 O-O 7. Nge2 a5 8. O-O e5 9. h3 Nbd7 10. Kh2 Nc5 11. Be3 Ne6 12. f4 exf4 13. gxf4 Nd7 14. d4 c5 15. dxc5 Ndxc5 16. Qd2 Qe7 17. Rad1 Rd8 18. Nd5 Qe8 19. f5 Nf8 20. f6 Nxe4 21. Bxe4 Qxe4 22. fxg7 Kxg7 23. Qd4+ Qxd4 24.
Bxd4+ Kh6 25. Bf6 Re8 26. Ng3 Ne6 27. Rfe1 Ra6 28. Rd4 g5 29. Rde4 Kg6 30. h4 h6 31. h5+ Kh7 32. Nf5 Bd7 33. Nd4 Rc8 34. b3 a4 35. Nxe6 fxe6 36. Ne7 Rf8 37. Bd4 e5 38.
Bg1 axb3 39. axb3 Ra3 40. b4 Rf7 41. Nd5 Rh3+ 42. Kg2 Rff3 43. Bf2 Rb3 44. Nf6+ Kg7 45. Nxd7 Rhc3 46. c5 Rc2 47. cxd6 Rbb2 48. Rf1 Kf7 49. Nxe5+ Kf6 50. Ng4+ Kf5 51. Rd4 Re2 52. d7 Rbd2 53. d8=Q Rxd4 54. Qxd4 Re4 55. Nxh6+ Kf4 56. Bg3# 1

[Event "Torneo Nuevo Centro. Jornada 10"]
[Site "Chess.com"]
[Date "2020.08.21"]
[Round "4"]
[White "Aymerich Rosell, Pablo"]
[Black "Gutierrez Marco, Dario"]
[Result "1/2-1/2"]
[WhiteElo "1968"]
[BlackElo "1835"]
[TimeControl "180+2"]
[EndTime "11:14:30 PDT"]
[Termination "Tablas por repeticiÃ³n"]

1. e4 c5 2. Nf3 e6 3. d4 cxd4 4. Nxd4 Nc6 5. Nc3 Qc7 6. Be3 a6 7. f3 Nf6 8. Qd2 Be7 9. O-O-O b5 10. g4 Nxd4 11. Bxd4 e5 12. Be3 Bb7 13. g5 Nh5 14.
Nd5 Bxd5 15. exd5 Rc8 16. Bd3 O-O 17. Kb1 Bc5 18. d6 Qb6 19. Rhe1 Bxe3 20. Qxe3 Qxe3 21. Rxe3 Rfe8 22. a4 Nf4 23. Bf5 Rcd8 24. axb5 axb5 25.
Rb3 g6 26. Bg4 h5 27. gxh6 f5 28. Bxf5 gxf5 29. Rxb5 Kh7 30. Re1 Ng6 31. c4 Rc8 32. c5 Rb8 33. Rxb8 Rxb8 34. Ka2 Rb5 35. Rc1 e4 36.
fxe4 fxe4 37. Ka3 Ne5 38. b4 Nd3 39. Rc4 e3 40. Re4 Rxb4 41. Rxe3 Rd4 42. Re7+ Kxh6 43. Rxd7 Nxc5 44. Rd8 Ne6 45. Rh8+ Kg7 46. Re8 Rxd6 47. Re7+ Kf6 48. Rh7 Rd3+ 49. Kb4 Rd2 50. Rh6+ Kf5 51. Rh8 Ke5 52. h4 Rh2 53. h5 Rh4+ 54. Kb3 Kf5 55.
Re8 Rxh5 56. Re7 Ke5 57. Re8 Rh4 58. Re7 Rd4 59. Re8 Rd1 60. Kc3 Rc1+ 61. Kd3 Rc6 62.
Re7 Rd6+ 63. Kc3 Rb6 64. Re8 Kd6 65. Rh8 Rc6+ 66. Kb3 Rb6+ 67. Kc3 Rc6+ 68. Kb3 Rb6+ 69. Kc3 1/2-1